 Dungeon Crawl Stone Soup version 0.18-a0-884-gb6cfd45 (webtiles) character file.

20750 M4edhros the Covert (level 12, -1/72 HPs)
             Began as an Octopode Artificer on Dec 22, 2015.
             Was an Elder of Fedhas.
             Slain by an eight-headed hydra (12 damage)
             ... on level 3 of the Lair of Beasts.
             The game lasted 00:38:56 (14832 turns).

M4edhros the Covert (Octopode Artificer)           Turns: 14832, Time: 00:38:59

Health: -1/72      AC:  1    Str: 16    XL:     12   Next: 82%
Magic:  24/28      EV: 24    Int: 18    God:    Fedhas [****..]
Gold:   1024       SH:  0    Dex: 13    Spells: 8 memorised, 2 levels left

rFire  + . .     SeeInvis .     e - +2 hunting sling (evade)
rCold  . . .     Gourm    .     (no shield)
rNeg   + + .     Faith    .     (helmet restricted)
rPois  .         Spirit   .     (no amulet)
rElec  .         Dismiss  .     z - +3 ring of evasion
rCorr  .         Reflect  .     E - +1 ring of slaying
SustAt .         Harm     .     H - ring of magical power
MR     .....                    P - ring of No Interval {Fire rN+}
Stlth  ++++++....               S - ring of flight
                                X - ring of positive energy
                                n - +5 ring of strength
                                (no ring)

@: not resistant to hostile enchantments, very stealthy
A: almost no armour, amphibious, 8 rings, constrict 8, tentacle spike 1,
camouflage 1, cold resistance 1, mutation resistance 1, gelatinous body 1,
MP-powered wands
a: Evolution, Sunlight, Growth, Reproduction, Renounce Religion, Evoke Flight


You were on level 3 of the Lair of Beasts.
You worshipped Fedhas.
Fedhas was greatly pleased with you.
You were not hungry.

You visited 2 branches of the dungeon, and saw 16 of its levels.

You collected 1072 gold pieces.
You spent 48 gold pieces at shops.

Inventory:

Hand Weapons
 e - a +2 hunting sling of evasion (weapon)
 l - a +0 short sword of electrocution
 p - a +2 great mace of protection
 s - a +0 hunting sling
Missiles
 h - 231 stones
 m - 25 steel sling bullets
 J - 30 sling bullets (quivered)
Armour
 M - a +0 shield
Magical Staves
 F - an uncursed staff of power
Jewellery
 n - a +5 ring of strength (on tentacle)
 z - a +3 ring of evasion (left tentacle)
 E - a +1 ring of slaying (right tentacle)
 H - a ring of magical power (on tentacle)
 P - the ring of No Interval (on tentacle) {Fire rN+}
   (You found it on level 11 of the Dungeon)

   [ring of fire]

   It enhances your fire magic, and weakens your ice magic.
   It protects you from fire.
   It makes you vulnerable to cold.
   It protects you from negative energy.
 S - a ring of flight (on tentacle)
 X - a ring of positive energy (on tentacle)
Wands
 b - a wand of flame (12/48)
 c - a wand of enslavement (7/24)
 d - a wand of paralysis (18/24)
 q - a wand of draining (2/15)
 I - a wand of disintegration (10/24)
 K - a wand of confusion (16/48)
 R - a wand of cold (5/15)
 W - a wand of draining (1/15)
 Z - a wand of fire (3/15)
Scrolls
 g - 2 scrolls of enchant armour
 j - 2 scrolls of magic mapping
 k - a scroll of fear
 w - 2 scrolls of enchant weapon
 y - 2 scrolls of recharging
 N - a scroll of teleportation
Potions
 i - a potion of degeneration {unknown}
 o - 2 potions of invisibility
 r - a potion of heal wounds
 v - 3 potions of curing
 G - 2 potions of agility
 O - a potion of cancellation
Comestibles
 a - 2 slices of pizza
 f - 10 bread rations
 x - 3 beef jerkies
 C - 20 fruits


   Skills:
 + Level 3.1 Fighting
 - Level 1.0 Short Blades
 - Level 7.5 Slings
 + Level 8.0 Dodging
 + Level 11.1 Stealth
 * Level 4.5 Shields
 + Level 5.0 Spellcasting
 * Level 5.2 Conjurations
 * Level 5.5 Charms
 + Level 5.5 Air Magic
 + Level 6.5 Poison Magic
 + Level 7.4 Invocations
 + Level 6.9 Evocations


You had 2 spell levels left.
You knew the following spells:

 Your Spells              Type           Power        Failure   Level  Hunger
a - Mephitic Cloud        Conj/Pois/Air  ####....     3%          3    ##.....
b - Repel Missiles        Chrm/Air       ###...       1%          2    #......
c - Blink                 Tloc           N/A          21%         2    #......
d - Swiftness             Chrm/Air       ###.....     1%          2    #......
e - Iskenderun's Battles  Conj/Chrm      ###.....     41%         5    ######.
f - Magic Dart            Conj           ###.         1%          1    None
g - Searing Ray           Conj           ###...       1%          2    #......
h - Call Imp              Summ           #.......     21%         2    #......


Dungeon Overview and Level Annotations

Branches:
Dungeon (13/15)            Temple (0/1) D:5            Lair (3/8) D:11
    Orc (0/2) D:11
  Swamp: Lair:3-6    Shoals: Lair:3-6     Snake: Lair:3-6    Spider: Lair:3-6
 Vaults: D:13-14

Altars:
Cheibriados
Fedhas
Gozag
Kikubaaqudgha
Makhleb
Nemelex Xobeh
Xom
Yredelemnul
Zin

Shops:
D:7 !

Annotations:
D:13 Maurice


Innate Abilities, Weirdness & Mutations

You cannot wear most types of armour.
You are amphibious.
You can wear up to eight rings at the same time.
You can use your tentacles to constrict eight enemies at once.
Your skin changes colour to match your surroundings (Stealth).
Your rubbery body absorbs attacks (AC +1).
One of your tentacles bears a spike.
Your flesh is cold resistant.
You are somewhat resistant to further mutation.
You expend magic power (3 MP) to strengthen your wands.


Message History

The sling bullet barely misses the eight-headed hydra.
The eight-headed hydra roars!
The giant frog gives a loud, deep croak!
The giant frog moves out of view.
Firing (i - inventory. (,) - cycle):
J - 31 sling bullets (quivered)
Press: ? - help, Shift-Dir - straight line, f/p - eight-headed hydra
Aim: an eight-headed hydra (moderately wounded)
You shoot a sling bullet.
The sling bullet hits the eight-headed hydra!
The eight-headed hydra is heavily wounded.
Your wandering mushroom releases spores at the eight-headed hydra!
The eight-headed hydra is engulfed in a cloud of spores!
The water moccasin bites the plant but does no damage.
The eight-headed hydra bites you! x2
* * * LOW HITPOINT WARNING * * *
The eight-headed hydra closely misses you.
The eight-headed hydra barely misses you.
The eight-headed hydra bites you!
You die...
Fedhas appreciates your contribution to the ecosystem.

. #.....÷...#### ##.#.....
####...÷ff...#.### ##.##........
...#....####.....###...##........
....÷...###.#P...................
.#..#.....#####.P................
##P##.P...# ###....=...........
#######...## #P#................
##.###.....## #..................
# .....##.8.###.@f..............<
..........÷..#PYD#.#.............
P##..##.8.>.8#.S## F. ...........
#### ##.....#...# .............
#.##.#...##Y.#................
####.#D###'.##Y###.###...........
.....#.#.SY...## ... ..........
..###.#.......# #.. ........
.......Y#...#.... ... .......


You could see an eight-headed hydra, a water moccasin, a giant frog, 3 sheep and
a friendly wandering mushroom.

Vanquished Creatures
  A centaur warrior (D:12)
  Urug (Lair:2)
  A wandering mushroom (Lair:2)
  2 hill giants
  Pikel (D:9)
  A manticore (D:13)
  A deep elf mage (D:12)
  A cyclops (D:13)
  Joseph (D:9)
  A spiny frog (Lair:3)
  A torpor snail (Lair:1)
  The ghost of herpmino the Chopper, a novice FoFi of Ru (D:7)
  A komodo dragon (Lair:2)
  A tengu conjurer (D:10)
  Prince Ribbit (D:8)
  9 blink frogs
  6 yaks
  A wyvern (D:12)
  A basilisk (D:11)
  2 hungry ghosts
  5 hippogriffs
  3 water moccasins
  A porcupine (Lair:1)
  2 orc warriors
  A black bear (D:12)
  2 eyes of draining
  An ice beast (D:11)
  4 phantoms
  2 ogres
  A centaur (D:11)
  5 crocodiles
  13 giant frogs
  Blork the orc (D:5)
  A gnoll sergeant (D:12)
  4 orc wizards
  A scorpion (D:9)
  A water moccasin skeleton (D:4)
  7 killer bees
  2 crimson imps (D:9)
  2 giant frog skeletons
  A jelly (D:9)
  4 hounds
  5 iguanas
  5 centaur skeletons
  3 sheep (D:13)
  4 worker ants
  4 gnolls (D:12)
  Natasha (twice) (D:4 D:7)
  13 adders
  36 river rats
  An ooze (D:3)
  2 worms (D:3)
  2 adder skeletons
  8 giant geckos
  28 orcs
  2 ball pythons
  5 giant cockroaches
  4 goblins
  8 hobgoblins
  5 jackals
  2 quokkas
  2 bats (D:1)
  A giant cockroach zombie (D:5)
  3 giant newts
  A jackal zombie (D:5)
  8 kobolds
  5 rats
  2 toadstools
260 creatures vanquished.

Vanquished Creatures (collateral kills)
  Erolcha (D:8)
  A hydra (D:12)
  Erica (D:8)
  A deep elf mage (D:12)
  A hill giant (D:13)
  A manticore (D:13)
  A gargoyle (D:10)
  2 torpor snails (Lair:1)
  2 komodo dragons
  A spiny frog (Lair:3)
  2 trolls
  4 blink frogs
  2 basilisks
  A water elemental (D:13)
  17 yaks
  2 wyverns
  A hippogriff (D:11)
  2 hungry ghosts
  A soldier ant (D:12)
  2 phantoms
  A sky beast (D:11)
  3 slaves (D:9)
  An orc warrior (D:6)
  A black bear (D:12)
  The ghost of herpmino the Shield-Bearer, an amateur FoFi (D:6)
  2 ogres
  3 crocodiles
  A giant frog (Lair:2)
  7 killer bees
  3 crimson imps
  3 hounds
  3 orc wizards
  An orc priest (D:5)
  A jelly (D:10)
  2 worker ants (D:7)
  2 centaur skeletons
  An iguana (Lair:2)
  Natasha (D:4)
  2 sheep (Lair:3)
  2 gnolls (D:12)
  An adder (D:11)
  7 river rats
  A shadow imp (D:13)
  8 orcs
104 creatures vanquished.

Vanquished Creatures (others)
  A wolf spider zombie (D:13)
  An ogre (D:5)
  A big kobold (D:9)
  A jelly (D:5)
  A killer bee zombie (D:11)
  A giant cockroach (D:5)
  5 kobolds (D:9)
  19 wandering mushrooms
  3 fungi (Lair:2)
  316 toadstools
349 creatures vanquished.

Grand Total: 713 creatures vanquished

Notes
Turn   | Place    | Note
--------------------------------------------------------------
     0 | D:1      | M4edhros the Octopode Artificer began the quest for the Orb.
     0 | D:1      | Reached XP level 1. HP: 13/13 MP: 3/3
   189 | D:2      | Reached XP level 2. HP: 18/18 MP: 4/4
   431 | D:2      | Reached XP level 3. HP: 15/23 MP: 5/5
   569 | D:3      | Found a glowing silver altar of Zin.
   601 | D:3      | Found a basalt altar of Yredelemnul.
   911 | D:4      | Noticed Natasha
   912 | D:4      | Noticed an ogre
   921 | D:4      | Killed Natasha
   921 | D:4      | Reached skill level 4 in Evocations
   921 | D:4      | Reached XP level 4. HP: 20/28 MP: 5/7
   924 | D:4      | Reached skill level 1 in Slings
   978 | D:4      | Killed an ogre
   978 | D:4      | Reached XP level 5. HP: 23/33 MP: 8/8
   987 | D:4      | Noticed Natasha
   993 | D:4      | Killed Natasha
  1461 | D:5      | Entered Level 5 of the Dungeon
  1487 | D:5      | Found an opulent altar of Gozag.
  1495 | D:5      | Found an ancient bone altar of Kikubaaqudgha.
  1499 | D:5      | Found a blossoming altar of Fedhas.
  1511 | D:5      | Noticed Blork the orc
  1517 | D:5      | Killed Blork the orc
  1517 | D:5      | Reached XP level 6. HP: 23/38 MP: 9/9
  1528 | D:5      | Learned a level 3 spell: Mephitic Cloud
  1531 | D:5      | Learned a level 2 spell: Repel Missiles
  1536 | D:5      | Reached skill level 5 in Stealth
  1581 | D:5      | Became a worshipper of Fedhas Madash
  2279 | D:1      | Reached * piety under Fedhas
  2614 | D:2      | Found a snail-covered altar of Cheibriados.
  3014 | D:3      | Reached XP level 7. HP: 43/43 MP: 10/10
  3346 | D:5      | Reached ** piety under Fedhas
  3538 | D:5      | Found a staircase to the Ecumenical Temple.
  3696 | D:6      | Reached skill level 6 in Stealth
  3696 | D:6      | Reached skill level 1 in Invocations
  3735 | D:6      | Reached skill level 1 in Charms
  3992 | D:6      | Reached XP level 8. HP: 37/48 MP: 11/11
  4192 | D:6      | Reached skill level 1 in Conjurations
  4192 | D:6      | Reached skill level 1 in Poison Magic
  4211 | D:6      | Reached skill level 1 in Air Magic
  4329 | D:6      | Reached skill level 7 in Stealth
  4380 | D:6      | Noticed herpmino's ghost (amateur FoFi)
  4463 | D:6      | Killed herpmino's ghost
  4550 | D:6      | Reached skill level 5 in Evocations
  4578 | D:6      | Found a sparkling altar of Nemelex Xobeh.
  4584 | D:6      | Reached skill level 1 in Spellcasting
  4739 | D:7      | Reached skill level 5 in Dodging
  4749 | D:7      | Found Gois's Distillery.
  4758 | D:7      | Bought a potion of agility for 48 gold pieces
  4917 | D:7      | Reached XP level 9. HP: 39/53 MP: 12/12
  5120 | D:7      | Noticed Natasha
  5121 | D:7      | Killed Natasha
  5146 | D:7      | Noticed herpmino's ghost (novice FoFi)
  5159 | D:7      | Killed herpmino's ghost
  5312 | D:8      | Noticed Erica
  5319 | D:8      | Reached *** piety under Fedhas
  5328 | D:8      | Noticed Erolcha
  5328 | D:8      | Killed Erica
  5328 | D:8      | Reached skill level 5 in Slings
  5328 | D:8      | Reached skill level 8 in Stealth
  5344 | D:8      | Killed Erolcha
  5379 | D:8      | Noticed Prince Ribbit
  5389 | D:8      | Killed Prince Ribbit
  5601 | D:8      | Reached XP level 10. HP: 45/58 MP: 14/14
  5615 | D:8      | Learned a level 2 spell: Blink
  5946 | D:9      | Gained mutation: Your flesh is cold resistant. [potion of beneficial mutation]
  5956 | D:9      | Found a burning altar of Makhleb.
  5964 | D:9      | Noticed a blizzard demon
  6036 | D:9      | Noticed Pikel
  6052 | D:9      | Killed Pikel
  6052 | D:9      | Reached skill level 9 in Stealth
  6107 | D:9      | Reached skill level 5 in Invocations
  6144 | D:9      | Found a shimmering altar of Xom.
  6357 | D:9      | Noticed Joseph
  6370 | D:9      | Killed Joseph
  6749 | D:10     | Entered Level 10 of the Dungeon
  7675 | D:11     | Gained mutation: You expend magic power (3 MP) to strengthen your wands. [mutagenic meat]
  7678 | D:11     | Gained mutation: One of your tentacles bears a spike. [mutagenic meat]
  7679 | D:11     | Gained mutation: You are somewhat resistant to further mutation. [mutagenic meat]
  7684 | D:11     | Found a staircase to the Lair.
  7798 | D:11     | Reached **** piety under Fedhas
  7875 | D:11     | Reached XP level 11. HP: 39/63 MP: 15/15
  7918 | D:11     | Got a faintly glowing lapis lazuli ring
  7928 | D:11     | Identified the ring of No Interval {Fire rN+} (You found it on level 11 of the Dungeon)
  8118 | D:11     | Reached skill level 5 in Poison Magic
  8163 | D:11     | Found a staircase to the Orcish Mines.
  8680 | D:12     | Reached skill level 10 in Stealth
  8745 | D:12     | Noticed a hill giant
  8764 | D:12     | Killed a hill giant
  9328 | D:12     | Noticed a deep elf mage
  9336 | D:12     | Killed a deep elf mage
  9365 | D:12     | Got a transparent mace
  9366 | D:12     | Identified the +2 mace of Lomuec {elec, rN+ Str+3 SInv} (You found it on level 12 of the Dungeon)
  9429 | D:12     | Noticed a five-headed hydra
  9473 | D:12     | Killed a five-headed hydra
  9473 | D:12     | Reached skill level 1 in Shields
  9931 | D:12     | Noticed a centaur warrior
  9951 | D:12     | Killed a centaur warrior
 10491 | D:13     | Noticed Maurice
 10492 | D:13     | Reached skill level 5 in Air Magic
 10507 | D:13     | Noticed a hill giant
 10511 | D:13     | Killed a hill giant
 10511 | D:13     | Reached XP level 12. HP: 38/70 MP: 9/18
 10951 | Lair:1   | Entered Level 1 of the Lair of Beasts
 11017 | Lair:1   | Found a snail-covered altar of Cheibriados.
 11539 | Lair:1   | Reached skill level 5 in Charms
 12131 | Lair:2   | Noticed Urug
 12154 | Lair:2   | Killed Urug
 12546 | Lair:2   | Learned a level 2 spell: Swiftness
 12552 | Lair:2   | Learned a level 5 spell: Iskenderun's Battlesphere
 12554 | Lair:2   | Learned a level 1 spell: Magic Dart
 12557 | Lair:2   | Learned a level 2 spell: Searing Ray
 12560 | Lair:2   | Learned a level 2 spell: Call Imp
 12798 | Lair:2   | Reached skill level 5 in Conjurations
 14003 | Lair:3   | Reached skill level 11 in Stealth
 14017 | Lair:3   | Reached ***** piety under Fedhas
 14649 | Lair:3   | Reached skill level 5 in Spellcasting
 14796 | Lair:3   | Noticed an eight-headed hydra
 14832 | Lair:3   | Slain by an eight-headed hydra

Vault maps used:
D:1:      mrwooster_arrival_arrow
D:2:      lemuel_doored_altar
D:3:      overflow_temple_1_default, old_standard_altar, first_bread,
          grunt_decor_one_mirror
D:4:      uniq_natasha
D:5:      grunt_temple_overflow_growth_and_decay, grunt_gozag_statues,
          minmay_temple_entry_fiery, uniq_blork_the_orc
D:6:      nemelex_xobeh_ov_fountains_minmay
D:7:      serial_shops, nicolae_shop_competitors_out_of_business
D:8:      uniq_erolcha, uniq_erica, uniq_prince_ribbit1
D:9:      xom_teletrap_fun, makhleb_altar_promises_db, uniq_pikel, uniq_joseph
D:10:     grunt_tengu_nest, eino_tiny_chamber, serial_park_tiny_pond,
          minmay_misc_feat_hallway, minmay_misc_feat_columns
D:11:     minmay_lair_entry_grove
D:12:     boulder_corridor_run
D:13:     lemuel_upstairs_altar, uniq_maurice
Lair:1:   kennysheep_snail_temple, grunt_megastairs_2
Lair:2:   st_stairs_7, grunt_megastairs_5, uniq_urug
Lair:3:   grunt_megastairs_1

Action                   |  1- 3 |  4- 6 |  7- 9 | 10-12 || total
-------------------------+-------+-------+-------+-------++-------
Melee: Short sword       |    44 |    75 |   138 |   146 ||   403
       Hunting sling     |       |       |       |     2 ||     2
 Fire: Hunting sling     |       |       |    67 |   962 ||  1029
 Cast: Mephitic Cloud    |       |       |       |    12 ||    12
       Searing Ray       |       |       |       |     9 ||     9
Invok: Evolution         |       |       |     5 |    18 ||    23
       Sunlight          |       |       |     5 |     2 ||     7
Evoke: Wand              |     1 |     6 |     1 |    16 ||    24
  Use: Scroll            |       |       |    11 |     9 ||    20
       Potion            |       |       |     1 |    12 ||    13
 Stab: Sleeping          |     4 |    17 |    18 |    10 ||    49
       Distracted        |       |       |     1 |       ||     1
  Eat: Chunk             |       |     1 |       |     6 ||     7
       Meat ration       |       |     1 |     2 |     6 ||     9
       Bread ration      |       |       |       |     1 ||     1
       Pizza             |       |       |       |     1 ||     1
